[Event "Early-Titled-Tuesday-Blitz-August-29-2023"]
[Site "Chess.com"]
[Date "2023.08.29"]
[Round "5"]
[White "Alexander_Moskalenko"]
[Black "DeArron_Fox"]
[Result "1-0"]
[WhiteElo "2837"]
[BlackElo "2494"]
[TimeControl "180+1"]
[EndTime "8:55:05 PDT"]
[Termination "Alexander_Moskalenko won on time"]

1. d4 d5 2. Bg5 Nf6 3. Bxf6 exf6 4. e3 c6 5. Nd2 Bd6 6. Bd3 O-O 7. Qf3 g6 8. g4 c5 9. c3 Nc6 10. Ne2 Rb8 11. h4 Kg7 12. h5 b5 13. hxg6 hxg6 14.
Qxd5 Bb7 15. dxc5 Nb4 16. Qd4 Bxc5 17. Qxd8 Rfxd8 18. cxb4 Bxb4 19. O-O Rxd3 20. Nb3 Rh8 21. Ng3 Bd6 22. e4 Bxg3 23. fxg3 Rxg3+ 24. Kf2 Rd3 25. Nc5 Rh2+ 26. Kg1 Rdd2 27. Rfd1 Rdg2+ 28. Kf1 Bc6 29. Rd6 Be8 30. Rad1 b4 31. R1d5 Bb5+ 32. Nd3 Bc4 33. Rc5 Bxa2 34. Nxb4 Rxb2 35. Kg1 1-0

[Event "Early-Titled-Tuesday-Blitz-August-29-2023"]
[Site "Chess.com"]
[Date "2023.08.29"]
[Round "5"]
[White "GMBenjaminBok"]
[Black "nihalsarin"]
[Result "1/2-1/2"]
[WhiteElo "2922"]
[BlackElo "3140"]
[TimeControl "180+1"]
[EndTime "8:55:06 PDT"]
[Termination "Game drawn by stalemate"]

1. d4 a6 2. e4 c6 3. Bd3 d5 4.
e5 c5 5. Nf3 Nc6 6. dxc5 Bg4 7.
Bf4 e6 8. Nbd2 Bxc5 9. h3 Bh5 10.
c3 Nge7 11. Qe2 Rc8 12. O-O Bg6 13. Be3 Bxe3 14. Qxe3 O-O 15. Rfe1 Bxd3 16. Qxd3 Qb6 17. Nb3 Na5 18. Nxa5 Qxa5 19. Ng5 Ng6 20. h4 Qb5 21. Qxb5 axb5 22. Nf3 Rc4 23. g3 b4 24. cxb4 Rxb4 25. b3 Ne7 26. Re3 Nc6 27. a3 Ra8 28. Kg2 g6 29.
axb4 Rxa1 30. b5 Na7 31. Rc3 Ra2 32. b6 Nb5 33. Rc5 Na3 34. Rc7 Rb2 35. Ng5 Rxb3 36. Rxb7 Nc4 37. Nxf7 Rxb6 38. Rxb6 Nxb6 39. Ng5 Nd7 40.
Nxe6 Nxe5 41. f3 Kf7 42. Ng5+ Kg7 43. Kf2 h6 44. Ne6+ Kf6 45. Nd4 h5 46. Ke3 Nc4+ 47.
Kf4 Nd6 48. Ne2 Nf5 49. Nc3 d4 50. Ne4+ Ke6 51. Nf2 Kd5 52. Nd3 Kc4 53. Ne5+ Kc3 54. g4 Nxh4 55. gxh5 gxh5 56. Kg5 Ng6 57. Kxg6 h4 58.
f4 h3 59. Nf3 d3 60. f5 h2 61. Nxh2 d2 62. f6 d1=Q 63. f7 Qd6+ 64. Kg7 Qg3+ 65. Ng4 Qc7 66. Kg8 Qc4 67. Kg7 Qd4+ 68. Nf6 Qg1+ 69.
Ng4 Qxg4+ 70. Kh7 Qh5+ 71. Kg7 Qg5+ 72. Kh7 Qf6 73. Kg8 Qg6+ 74. Kh8 Qxf7 1/2-1/2

[Event "Early-Titled-Tuesday-Blitz-August-29-2023"]
[Site "Chess.com"]
[Date "2023.08.29"]
[Round "5"]
[White "Khromkin"]
[Black "ural58"]
[Result "0-1"]
[WhiteElo "2323"]
[BlackElo "2508"]
[TimeControl "180+1"]
[EndTime "8:55:06 PDT"]
[Termination "ural58 won on time"]

1. d4 d5 2. c4 e5 3. dxe5 d4 4. Nf3 Nc6 5. g3 Nge7 6. Bg2 Ng6 7. O-O Ngxe5 8. a3 Nxf3+ 9. exf3 Be7 10. b4 O-O 11. Bb2 Bf6 12. Nd2 d3 13. Bxf6 Qxf6 14. Ne4 Qd4 15. Qb3 Rd8 16. Rad1 Bf5 17. Rfe1 Ne5 18. Re3 Qxc4 19. Qxc4 Nxc4 20. Rexd3 Rxd3 21. Rxd3 c6 22. Rc3 Nb6 23. Nd6 Nd5 24. Rc5 Bc8 25. f4 Ne7 26. b5 cxb5 27. Rc7 Kf8 28. Nxb7 Bxb7 29. Rxb7 Rc8 30. Rxa7 Rc1+ 31. Bf1 Nd5 32. Kg2 Rb1 33. Rb7 Nc3 34. f5 Rb3 35. h4 h5 36.
Rb6 Rxa3 37. Bxb5 Rb3 38. Rb8+ Ke7 39. Rb7+ Kd6 40. Bc6 Rxb7 41. Bxb7 Ke5 42. Bc8 Ne4 43. Kf3 Nd6 44. Bd7 Nxf5 45. Bxf5 Kxf5 46. Kg2 Ke4 47. f3+ Ke3 48. g4 g6 49. gxh5 gxh5 50. Kg3 f6 0-1

[Event "Early-Titled-Tuesday-Blitz-August-29-2023"]
[Site "Chess.com"]
[Date "2023.08.29"]
[Round "5"]
[White "dennisodessa"]
[Black "Dewarfd"]
[Result "1-0"]
[WhiteElo "2518"]
[BlackElo "2193"]
[TimeControl "180+1"]
[EndTime "8:55:06 PDT"]
[Termination "dennisodessa won by checkmate"]

1. d4 d5 2. c4 e6 3. Nc3 c5 4. Nf3 cxd4 5. Qxd4 Nc6 6. Qd1 Bb4 7. e3 Nf6 8. Bd2 O-O 9. cxd5 exd5 10. a3 Ba5 11.
Be2 d4 12. exd4 Nxd4 13. Nxd4 Qxd4 14. O-O Bf5 15. Bf3 Rad8 16. Be3 Qxd1 17. Rfxd1 Bxc3 18. bxc3 b6 19. a4 Bg4 20. Rxd8 Rxd8 21. a5 Bxf3 22.
gxf3 Nd5 23. axb6 axb6 24. Rd1 Rd7 25. c4 Nf6 26. Rb1 Rb7 27. Rxb6 Rxb6 28. Bxb6 Kf8 29.
Kf1 Ke7 30. Ke2 Nd7 31. Bd4 f6 32. Kd3 Kd6 33. f4 Nf8 34. f5 Nd7 35. Ke4 Nb8 36. h4 Nc6 37. Bc3 Kd7 38. c5 Ne7 39. h5 Kc6 40. h6 gxh6 41. Bxf6 Nd5 42. Bg7 h5 43.
f6 Nc7 44. f7 Ne6 45. f8=Q Nxf8 46. Bxf8 h4 47. Kf3 h5 48. Kg2 Kd5 49. Kh3 Ke6 50.
Kxh4 Kf7 51. Bd6 Ke6 52. Kxh5 Kd7 53. Kg6 Kc6 54. f4 Kd7 55. f5 Ke8 56. f6 Kd7 57. f7 Kc6 58. f8=Q Kd7 59. Bg3 Ke6 60. Qd6# 1-0

[Event "Early-Titled-Tuesday-Blitz-August-29-2023"]
[Site "Chess.com"]
[Date "2023.08.29"]
[Round "5"]
[White "mbojan"]
[Black "bubeliang"]
[Result "1-0"]
[WhiteElo "2894"]
[BlackElo "2650"]
[TimeControl "180+1"]
[EndTime "8:55:07 PDT"]
[Termination "mbojan won on time"]

1. Nf3 Nf6 2. g3 g6 3. Bg2 Bg7 4. O-O O-O 5. d3 d5 6. Nbd2 c5 7. Re1 Nc6 8. e4 e6 9. c3 Re8 10.
e5 Nd7 11. d4 b6 12. Bf1 f6 13.
Bb5 Bb7 14. exf6 Bxf6 15. Nf1 e5 16. dxe5 Ndxe5 17. Bf4 Nxf3+ 18. Qxf3 Qd7 19. Ne3 d4 20. Qd5+ Qxd5 21. Nxd5 Be5 22. Bxe5 Nxe5 23. Nf6+ Kf7 24.
Nxe8 Nf3+ 25. Kf1 a6 26. Nd6+ Kf6 27. Nxb7 axb5 28. cxd4 Nxe1 29. Kxe1 cxd4 30. Nd6 b4 31. Nc4 b5 32. Nd2 Ke5 33. Ke2 Kd5 34. Kd3 Re8 35. a3 bxa3 36. Rxa3 Rf8 37. f3 1-0

[Event "Early-Titled-Tuesday-Blitz-August-29-2023"]
[Site "Chess.com"]
[Date "2023.08.29"]
[Round "5"]
[White "ViIIagra"]
[Black "lefonghua"]
[Result "0-1"]
[WhiteElo "2914"]
[BlackElo "2686"]
[TimeControl "180+1"]
[EndTime "8:55:08 PDT"]
[Termination "lefonghua won on time"]

1. d4 Nf6 2. Nf3 g6 3. Nbd2 Bg7 4. e4 d6 5. Bd3 O-O 6. O-O c5 7. c3 Nc6 8. Re1 cxd4 9. cxd4 e5 10. d5 Nb4 11. Bf1 a5 12. a3 Na6 13. b4 Bd7 14.
Rb1 axb4 15. axb4 Rc8 16. Nc4 Bg4 17. h3 Bxf3 18. Qxf3 Ne8 19. Na5 Nxb4 20. Nxb7 Qb6 21. Nxd6 Rxc1 22. Rexc1 Qxd6 23. Qa3 Bh6 24. Rd1 Nc2 25.
Qa7 Nd4 26. Rb7 Nf6 27. Bd3 Nh5 28. Qb6 Qa3 29. d6 Nf4 30. d7 Bg5 31. Bf1 Qa4 32. Rb1 Nfe6 33. Qd6 Bf6 34. Rb8 Rxb8 35. Rxb8+ Kg7 36.
d8=Q Nxd8 37. Rxd8 Bxd8 38. Qxd8 Qd1 0-1

[Event "Early-Titled-Tuesday-Blitz-August-29-2023"]
[Site "Chess.com"]
[Date "2023.08.29"]
[Round "5"]
[White "ahkashefi2800"]
[Black "Virgo15"]
[Result "1-0"]
[WhiteElo "2593"]
[BlackElo "2747"]
[TimeControl "180+1"]
[EndTime "8:55:10 PDT"]
[Termination "ahkashefi2800 won by resignation"]

1. d4 Nf6 2. Nf3 d5 3. c4 e6 4. cxd5 exd5 5. Nc3 a6 6. Bg5 Be6 7. e3 Nbd7 8. Be2 Bd6 9. O-O c6 10. Qc2 Qc7 11. Bh4 O-O 12. Bg3 Bxg3 13. hxg3 Bg4 14.
a3 Qd6 15. Rac1 Rae8 16. Rfd1 Ne4 17. Nxe4 Rxe4 18. Bd3 f5 19. b4 Qh6 20. Re1 Qh5 21.
Nh2 Rf6 22. f3 Rh6 23. Nxg4 fxg4 24. Bxe4 dxe4 25. f4 Nf6 26. Kf2 Qf5 27. Rh1 Rg6 28. Qc5 Nd5 29. a4 Rf6 30. b5 axb5 31. axb5 g5 32. bxc6 bxc6 33. Rcd1 gxf4 34. gxf4 g3+ 35. Ke2 Qc8 36. Qc4 Qg4+ 37. Kd2 Kg7 38. Ra1 Nxe3 39.
Ra7+ Kg6 40. Kxe3 Qxf4+ 41. Ke2 Qg4+ 42. Kd2 Rf2+ 43. Kc3 Rf8 44. Qxc6+ Kg5 45. Qd5+ Rf5 46. Qg8+ Kf4 47. Qxg4+ Kxg4 48. Rg7+ Kf4 49. Rf1+ Ke3 50. Rxf5 1-0

[Event "Early-Titled-Tuesday-Blitz-August-29-2023"]
[Site "Chess.com"]
[Date "2023.08.29"]
[Round "5"]
[White "workhard91"]
[Black "tteshan"]
[Result "0-1"]
[WhiteElo "2427"]
[BlackElo "2589"]
[TimeControl "180+1"]
[EndTime "8:55:11 PDT"]
[Termination "tteshan won on time"]

1. e4 c5 2. Nf3 Nc6 3. d4 cxd4 4. Nxd4 g6 5. c4 Bg7 6. Be3 Nf6 7. Nc3 O-O 8. Be2 d6 9. O-O Bd7 10. Qd2 Nxd4 11.
Bxd4 Bc6 12. f3 a5 13. Rac1 Nd7 14. Be3 Nc5 15. Nd5 Bxd5 16. cxd5 Qb6 17. b3 Rfc8 18. g3 Qb4 19. Rfd1 h5 20. Kg2 Qa3 21. Rc2 a4 22. b4 Nd7 23. Qc1 Rxc2 24. Qxa3 Rc3 25.
Qb2 Rxe3 26. Qd2 Rc3 27. Rc1 Rac8 28. Rxc3 Rxc3 29. Bb5 Nb6 30. h4 a3 31. g4 hxg4 32. fxg4 Be5 33. Kf1 Rf3+ 34. Ke1 Rh3 35. Qg2 Rh2 36. Qg1 Nc8 37. Qe3 Rxa2 0-1

[Event "Early-Titled-Tuesday-Blitz-August-29-2023"]
[Site "Chess.com"]
[Date "2023.08.29"]
[Round "5"]
[White "crescentmoon2411"]
[Black "Durarbayli"]
[Result "1/2-1/2"]
[WhiteElo "3032"]
[BlackElo "2911"]
[TimeControl "180+1"]
[EndTime "8:55:13 PDT"]
[Termination "Game drawn - insufficient material"]

1. d4 Nf6 2. c4 e6 3. Nc3 Bb4 4. e3 O-O 5. Bd3 c5 6. Nf3 d5 7. O-O cxd4 8. exd4 dxc4 9. Bxc4 b6 10. Bg5 Bb7 11. Ne5 Nc6 12. Nxc6 Bxc6 13. Qb3 Bxc3 14. bxc3 h6 15. Bh4 b5 16. Bxe6 Bxg2 17. Kxg2 fxe6 18. Qxe6+ Kh8 19. Rae1 Rc8 20. Re3 Qd5+ 21. Kg1 Qxe6 22. Rxe6 Rxc3 23. Rfe1 Nd5 24. R6e5 Nf4 25. Rxb5 Rd3 26.
Bg3 Rxd4 27. Rb7 Ra4 28. Ree7 Rxa2 29. Bxf4 Rxf4 30. Rxg7 Rfxf2 31. Rh7+ Kg8 32. Rbg7+ Kf8 33. Rxa7 Rg2+ 34. Kf1 Rxa7 35. Rxa7 Rxh2 36. Kg1 Rh5 37. Kg2 Rg5+ 38. Kh3 Rg7 39. Rxg7 Kxg7 40. Kh4 h5 41. Kxh5 1/2-1/2

[Event "Early-Titled-Tuesday-Blitz-August-29-2023"]
[Site "Chess.com"]
[Date "2023.08.29"]
[Round "5"]
[White "Mihaiionescu1"]
[Black "VSanduleac"]
[Result "0-1"]
[WhiteElo "2503"]
[BlackElo "2427"]
[TimeControl "180+1"]
[EndTime "8:55:15 PDT"]
[Termination "VSanduleac won by resignation"]

1. Nf3 d5 2. g3 c6 3. Bg2 Nf6 4.
O-O Bg4 5. d3 Nbd7 6. Nfd2 e6 7.
Qe1 Be7 8. e4 dxe4 9. dxe4 e5 10. Nc3 O-O 11. h3 Be6 12. Kh1 Bb4 13. Qe3 Qb6 14.
Nb3 a5 15. a3 Be7 16. Na4 Qc7 17. Nbc5 Bc4 18. Rd1 b5 19. Nxd7 Nxd7 20. Nc3 b4 21.
Na4 Bb5 22. axb4 axb4 23. b3 Bxa4 24. Rxa4 Rxa4 25. bxa4 Bc5 26. Qe2 Ra8 27. Be3 Bxe3 28. Qxe3 Nf8 29. Qb3 c5 30. Bf1 Ne6 31. Rd5 h5 32. Bb5 Ng5 33. Qd3 Qe7 34. Kg2 Qe6 35. h4 Qh3+ 36. Kg1 Ne6 37. Rxe5 Qg4 38. c3 b3 39. c4 b2 40. Qb1 Qe2 41. Rd5 Nd4 42. Rxd4 cxd4 43. c5 Qd2 44. c6 Qc1+ 45. Bf1 Qxb1 0-1

[Event "Early-Titled-Tuesday-Blitz-August-29-2023"]
[Site "Chess.com"]
[Date "2023.08.29"]
[Round "5"]
[White "MdChess1734"]
[Black "Barbus89"]
[Result "0-1"]
[WhiteElo "2365"]
[BlackElo "2507"]
[TimeControl "180+1"]
[EndTime "8:55:15 PDT"]
[Termination "Barbus89 won on time"]

1. e4 c6 2. d4 d5 3. Nd2 dxe4 4. Nxe4 Nf6 5. Ng3 h5 6. h4 Bg4 7. Be2 e6 8. Nf3 Nbd7 9. Bf4 Nd5 10. Bg5 Qa5+ 11.
c3 Bd6 12. Ne4 Bf4 13. g3 Bxg5 14. Nfxg5 Bxe2 15. Qxe2 Qc7 16. O-O-O N7f6 17. Nc5 O-O-O 18.
Nd3 Ng4 19. c4 Nb6 20. f3 Nh6 21. Ne5 Rhe8 22. Ne4 f6 23. Ng6 Qf7 24. Nf4 Nf5 25.
d5 exd5 26. cxd5 Nxd5 27. Kb1 Nxg3 28. Qc4 Nf5 29. Nxd5 Rxd5 30. Rc1 Qd7 31. Nc5 Qc7 32. Rhe1 Rxe1 0-1

[Event "Early-Titled-Tuesday-Blitz-August-29-2023"]
[Site "Chess.com"]
[Date "2023.08.29"]
[Round "5"]
[White "Actuary44"]
[Black "sokidze"]
[Result "1-0"]
[WhiteElo "2515"]
[BlackElo "2764"]
[TimeControl "180+1"]
[EndTime "8:55:16 PDT"]
[Termination "Actuary44 won on time"]

1. e4 c6 2. d4 d5 3. Nc3 dxe4 4.
Nxe4 Bf5 5. Ng3 Bg6 6. h4 h6 7. Nh3 Nf6 8. Nf4 Bh7 9. Bd3 Qxd4 10. Be3 Qd8 11. Qf3 Bxd3 12. Nxd3 e6 13. O-O Be7 14. Rad1 O-O 15. Ne5 Qa5 16. Bd4 Na6 17. Bc3 Qc7 18.
Nh5 Nc5 19. Nxg7 Nce4 20. Nh5 Nxc3 21. Nxf6+ Bxf6 22. Qxf6 Nd5 23. Rxd5 exd5 24. Ng4 Qd8 25. Qxh6 f5 26. Qg6+ Kh8 27. Qh5+ Kg8 28. Nh6+ Kg7 29. Nxf5+ Rxf5 30. Qxf5 Qe7 31. h5 Rf8 32. Qg6+ Kh8 33.
h6 Rg8 34. Qh5 1-0

[Event "Early-Titled-Tuesday-Blitz-August-29-2023"]
[Site "Chess.com"]
[Date "2023.08.29"]
[Round "5"]
[White "Rosh1610"]
[Black "BlitzWizard04"]
[Result "1-0"]
[WhiteElo "2449"]
[BlackElo "2591"]
[TimeControl "180+1"]
[EndTime "8:55:16 PDT"]
[Termination "Rosh1610 won on time"]

1. e4 c5 2. Nf3 e6 3. d4 cxd4 4. Nxd4 Nc6 5. Nc3 Qc7 6. Be3 a6 7. Be2 Nf6 8. O-O b5 9. Nxc6 dxc6 10. f4 Bb7 11. e5 Rd8 12. Qe1 Nd5 13. Nxd5 cxd5 14.
c3 Bc5 15. Bd4 Qb6 16. Qf2 Bxd4 17. cxd4 Rc8 18. b4 O-O 19. Rac1 a5 20. a3 axb4 21. axb4 Rxc1 22. Rxc1 Rc8 23. Rc5 Ra8 24. h4 Ra1+ 25. Kh2 Bc6 26. h5 h6 27. Bd3 Bd7 28. Qc2 Kf8 29.
Rc7 Qxd4 30. Rxd7 Qg1+ 31. Kg3 Qe1+ 32. Kg4 Qd1+ 33. Qxd1 Rxd1 34. Bxb5 f5+ 35. exf6 gxf6 36. Rh7 Rb1 37. Rxh6 Rxb4 38. Bd3 Kg7 39. Rh7+ Kg8 40. Ra7 e5 41. g3 e4 42. Ba6 e3 43. Kf5 Rb6 44.
Be2 d4 45. h6 1-0

[Event "Early-Titled-Tuesday-Blitz-August-29-2023"]
[Site "Chess.com"]
[Date "2023.08.29"]
[Round "5"]
[White "Maus7"]
[Black "Veleamater"]
[Result "1-0"]
[WhiteElo "2506"]
[BlackElo "2322"]
[TimeControl "180+1"]
[EndTime "8:55:17 PDT"]
[Termination "Maus7 won by checkmate"]

1. e4 d6 2. d4 g6 3. Nc3 Bg7 4. Be3 Nf6 5. Qd2 h5 6. O-O-O a6 7. Nh3 O-O 8. Bh6 b5 9. Bxg7 Kxg7 10. f3 Bb7 11.
Qg5 Nfd7 12. Nf4 Rh8 13. e5 e6 14. Nxh5+ Kh7 15. Nf6+ Kg7 16. Nh5+ Kh7 17. Qxd8 Rxd8 18. Nf6+ Nxf6 19. exf6 Nd7 20. Ne4 Bxe4 21. fxe4 Nxf6 22. Bd3 e5 23. Rhf1 Kg7 24. c3 Rd7 25. Kd2 Rh8 26.
h3 Re7 27. d5 Nh5 28. a4 Rb8 29. axb5 axb5 30. b4 Nf4 31. g3 Nxh3 32. Ra1 Rb6 33.
Ra5 c6 34. dxc6 Rxc6 35. Bxb5 Rb6 36. Bc4 Ng5 37. Bd5 Rc7 38. Rfa1 Rb8 39. Ra7 Rbc8 40. Rxc7 Rxc7 41. b5 Rc5 42. b6 Rb5 43. b7 f5 44. Ra8 Rb2+ 45. Kc1 Rb6 46. exf5 Rb5 47. b8=Q Rxb8 48. Rxb8 gxf5 49. Rd8 e4 50. Rxd6 Nf3 51. Re6 Ng5 52. Re8 Kf6 53. c4 Nh3 54. Bxe4 Ng1 55. Bd3 Kg5 56. Re3 Kg4 57. c5 f4 58. Be2+ Kf5 59.
gxf4 Kxf4 60. Re8 Kg3 61. c6 Kf2 62. Bd1 Ne2+ 63. Bxe2 Ke1 64. c7 Kf2 65. c8=Q Ke1 66. Qh3 Kf2 67. Qf1+ Kg3 68. Rg8+ Kh4 69. Qh1# 1-0

[Event "Early-Titled-Tuesday-Blitz-August-29-2023"]
[Site "Chess.com"]
[Date "2023.08.29"]
[Round "5"]
[White "assezde36"]
[Black "sergoy"]
[Result "0-1"]
[WhiteElo "2821"]
[BlackElo "2952"]
[TimeControl "180+1"]
[EndTime "8:55:18 PDT"]
[Termination "sergoy won by resignation"]

1. d4 Nf6 2. Nf3 d5 3. c4 c6 4. e3 Bf5 5. Nc3 e6 6. Nh4 Be4 7. f3 Bg6 8. Qb3 Qc7 9. Bd2 Be7 10.
Nxg6 hxg6 11. cxd5 cxd5 12. O-O-O Nc6 13. Kb1 a6 14. Bd3 b5 15. Rc1 Na5 16. Qd1 Nc4 17.
b3 O-O 18. bxc4 bxc4 19. Be2 Bb4 20. Qa4 Rab8 21. Ka1 e5 22. Rb1 a5 23. a3 exd4 24.
exd4 Rfe8 25. Bd1 Qa7 26. axb4 Qxd4 27. b5 Qxd2 28. Qc2 Qd4 29. Ka2 Re3 30. Na4 Nd7 31. Qb2 Qf4 32. g3 Qd6 33. Bc2 d4 34. Rhd1 d3 35.
Rbc1 Qe6 36. Ka1 dxc2 37. Rxc2 Ne5 38. b6 Nd3 39. Qd4 Nb4 40. Rb2 Ra3+ 41. Kb1 Rxa4 42.
b7 Qf5+ 43. Qe4 Qxe4+ 44. fxe4 Rxb7 0-1

[Event "Early-Titled-Tuesday-Blitz-August-29-2023"]
[Site "Chess.com"]
[Date "2023.08.29"]
[Round "5"]
[White "AquivaRubinstein"]
[Black "TigranHH"]
[Result "1-0"]
[WhiteElo "2479"]
[BlackElo "2295"]
[TimeControl "180+1"]
[EndTime "8:55:18 PDT"]
[Termination "AquivaRubinstein won on time"]

1. d4 Nf6 2. c4 e6 3. Nc3 d5 4. Nf3 c5 5. cxd5 Nxd5 6. e3 cxd4 7.
exd4 Nc6 8. Bd3 Be7 9. O-O O-O 10. Re1 Nxc3 11. bxc3 b6 12. Bc2 Bf6 13. Qd3 g6 14. Bh6 Re8 15. h4 Bb7 16. h5 Ne7 17. hxg6 hxg6 18. Ne5 Nf5 19. Bd2 Kg7 20. Qe2 Qd5 21.
Qg4 Rh8 22. Be4 Bxe5 23. Bxd5 Bh2+ 24. Kf1 Ba6+ 25. c4 exd5 26. Rec1 Bd6 27. g3 Bxc4+ 28.
Rxc4 dxc4 29. Bc3 Rae8 30. Kg2 f6 31. d5 Be5 32. Rc1 Bxc3 33. Rxc3 b5 34. a4 a6 35. axb5 axb5 36. Qf4 Rd8 37. Qc7+ Kh6 38. Qc6 Kg7 39. Qxb5 Rd6 40. Qxc4 Rhd8 41. Rd3 1-0

[Event "Early-Titled-Tuesday-Blitz-August-29-2023"]
[Site "Chess.com"]
[Date "2023.08.29"]
[Round "5"]
[White "Gyulamiryan-koryun"]
[Black "CraiggoryC"]
[Result "1-0"]
[WhiteElo "2063"]
[BlackElo "2197"]
[TimeControl "180+1"]
[EndTime "8:55:19 PDT"]
[Termination "Gyulamiryan-koryun won on time"]

1. c4 e6 2. Nc3 d5 3. cxd5 exd5 4. d4 Nf6 5. Bg5 c6 6. e3 Be7 7. Bd3 Nbd7 8. Qc2 O-O 9. Nge2 Re8 10. O-O Nf8 11. f3 g6 12. Rae1 Ne6 13. Bh4 b5 14. a3 a5 15. Bf2 Bb7 16. h3 Rc8 17. e4 b4 18. axb4 axb4 19. Na4 c5 20. dxc5 dxe4 21. fxe4 Nd7 22. Bb5 Nexc5 23. Bxd7 Nxd7 24. Qb1 Bf8 25. Nf4 Ne5 26. Rd1 Qg5 27. Be3 Nc4 28. Bc1 Bxe4 29.
Qa2 Bc2 30. Rd5 Qg3 31. Nc5 b3 32. Qa7 Rxc5 33. Rxc5 Re1 34. Rxe1 Qxe1+ 35. Kh2 Qxc1 36. Rxc4 Qxb2 37. Qb8 1-0

[Event "Early-Titled-Tuesday-Blitz-August-29-2023"]
[Site "Chess.com"]
[Date "2023.08.29"]
[Round "5"]
[White "Daniel_Salinas"]
[Black "Nathan_Filgueiras"]
[Result "0-1"]
[WhiteElo "2305"]
[BlackElo "2525"]
[TimeControl "180+1"]
[EndTime "8:55:20 PDT"]
[Termination "Nathan_Filgueiras won by resignation"]

1. d4 Nf6 2. c4 e6 3. Nf3 b6 4. g3 Bb7 5. Bg2 Be7 6. O-O O-O 7. Nc3 Ne4 8. Bd2 d5 9. Ne5 Nd7 10. Nxe4 dxe4 11. Qc2 f5 12. Bf4 Bf6 13. Rad1 Bxe5 14.
dxe5 Qe7 15. f3 exf3 16. exf3 Rfd8 17. h4 h6 18. Qd2 Nxe5 19. Qc3 Nf7 20. Rxd8+ Rxd8 21.
Re1 Bc8 22. Bh3 Qc5+ 23. Be3 Qe5 24. Qc1 Qxg3+ 25. Bg2 Ne5 26. Rf1 Bb7 27. Bf4 Nxf3+ 28. Rxf3 Qg4 29. Qf1 Bxf3 30. Qxf3 Qxh4 31. Bxc7 Qe1+ 32.
Kh2 Rd1 33. b4 Qh4+ 34. Bh3 Rd2+ 35. Kh1 Qxc4 36. Be5 Qe2 37. Qxe2 Rxe2 38. Bb8 Rxa2 39. b5 a5 40. Bg2 Rb2 41. Bc6 a4 42. Bc7 a3 43.
Bxb6 a2 0-1

[Event "Early-Titled-Tuesday-Blitz-August-29-2023"]
[Site "Chess.com"]
[Date "2023.08.29"]
[Round "5"]
[White "Chessdreamer2020"]
[Black "Kostukov_Alex"]
[Result "0-1"]
[WhiteElo "2561"]
[BlackElo "2365"]
[TimeControl "180+1"]
[EndTime "8:55:20 PDT"]
[Termination "Kostukov_Alex won by checkmate"]

1. e4 c5 2. Nf3 g6 3. d4 cxd4 4.
Qxd4 Nf6 5. e5 Nc6 6. Qa4 Nd5 7. Qe4 Ndb4 8. Bb5 Bg7 9. a3 Qa5 10. Nc3 O-O 11. Rb1 Na2 12. Bxc6 Nxc3 13. bxc3 Qxc3+ 14.
Bd2 Qxc6 15. Qd3 d6 16. exd6 Bf5 17. Qb5 Qxc2 18. O-O Bd3 19. Qxb7 Bxf1 20. dxe7 Rfe8 21. Rxf1 a5 22. Re1 Bf6 23. Bg5 Bxg5 24. Nxg5 Qf5 25. Nf3 Rab8 26. Qc7 Rec8 27. Qd6 Kg7 28. h4 Rb1 29. Rxb1 Qxb1+ 30. Kh2 Qb8 31. Qxb8 Rxb8 32. Ne5 Re8 33. Nc6 a4 34. Kg3 Kf6 35. Kf4 Ke6 36.
Kg5 h5 37. Kh6 Rc8 38. Nd4+ Kxe7 39. Kg7 Rc3 40. Nb5 Rb3 41. Na7 Rxa3 42. Nc6+ Kd6 43. Nd4 Rd3 44. Nb5+ Ke7 45. f4 a3 46. Nxa3 Rxa3 47. f5 gxf5 48. Kh6 Rg3 49. Kxh5 Rxg2 50. Kh6 f4 51. h5 f3 52. Kh7 f2 53. h6 f1=Q 54. Kh8 Qf6+ 55. Kh7 Qg6+ 56. Kh8 Qxh6# 0-1

[Event "Early-Titled-Tuesday-Blitz-August-29-2023"]
[Site "Chess.com"]
[Date "2023.08.29"]
[Round "5"]
[White "zurzan"]
[Black "alturas_pacificas"]
[Result "0-1"]
[WhiteElo "2090"]
[BlackElo "2393"]
[TimeControl "180+1"]
[EndTime "8:55:20 PDT"]
[Termination "alturas_pacificas won by checkmate"]

1. d4 d5 2. Nc3 c6 3. Bf4 Nf6 4. e3 Bf5 5. f3 Bg6 6. g4 h5 7. g5 Ng8 8. Bd3 Bxd3 9. Qxd3 g6 10. O-O-O Bg7 11. e4 e6 12. Nge2 Ne7 13. Rhe1 h4 14. Be5 Kf8 15. Bxg7+ Kxg7 16. f4 Nd7 17. Kb1 b5 18. f5 exf5 19. exd5 Nxd5 20. Nxd5 cxd5 21. Qxb5 Nb6 22. Nc3 Qxg5 23. Nxd5 Nxd5 24. Qxd5 Rad8 25. Qe5+ Qf6 26. Qxf6+ Kxf6 27. c4 g5 28. c5 g4 29.
d5 g3 30. c6 Rd6 31. Rf1 g2 32. Rf2 Rxd5 33. Rc1 Rg8 34. c7 g1=Q 35. c8=Q Rxc8 36. Rxg1 Rd3 37. Rgf1 Rc5 38. b4 Re5 39. Kb2 Rd4 40.
a3 Kg5 41. Rg2+ Kf6 42. Rgf2 Rg4 43. Kb3 h3 44. Rf3 Rh4 45. a4 Kg5 46. b5 Re2 47. Rg3+ Rg4 48. Rgf3 f4 49. Rxh3 f5 50. Rhf3 Re3+ 51.
Kb4 Rg2 52. Rxf4 Rb2+ 53. Ka5 Re5 54. h4+ Kg6 55. h5+ Kg5 56. h6 Rh2 57. Ka6 Rxh6+ 58. Kxa7 Re7+ 59. Kb8 Rh8# 0-1

[Event "Early-Titled-Tuesday-Blitz-August-29-2023"]
[Site "Chess.com"]
[Date "2023.08.29"]
[Round "5"]
[White "Jackalhead_Anubis"]
[Black "Xavier_mompel"]
[Result "0-1"]
[WhiteElo "2438"]
[BlackElo "2315"]
[TimeControl "180+1"]
[EndTime "8:55:21 PDT"]
[Termination "Xavier_mompel won by resignation"]

1. e4 c5 2. Nf3 e6 3. g3 Nc6 4. Bg2 Nf6 5. Qe2 d5 6. exd5 Nxd5 7. O-O Be7 8. Nc3 O-O 9. Re1 b6 10. Ne5 Nxe5 11. Nxd5 exd5 12. Qxe5 Be6 13. c4 Bf6 14. Qe2 Qd7 15. d3 Rad8 16. Be3 Rfe8 17. Rad1 d4 18.
Bf4 Bg4 19. Qd2 Bxd1 20. Rxd1 Re7 21. h4 Rde8 22. Bf3 Be5 23. Bg5 f6 24. Bd5+ Kh8 25. Bf4 Bxf4 26. Qxf4 Re1+ 27. Rxe1 Rxe1+ 28. Kg2 Re5 29. Qf3 Qe7 30. Bc6 g6 31. b3 Kg7 32.
Bb5 Re2 33. a3 Qe3 34. Qxe3 dxe3 35. Kf3 Rxf2+ 36. Kxe3 Rb2 37. b4 cxb4 38. axb4 Rxb4 39. d4 Rb3+ 40. Kf4 a5 41. Ke4 Kf8 42. g4 Ke7 43. Kd5 f5 44. gxf5 gxf5 45. Ba4 Ra3 46. Bc2 f4 47. Bxh7 f3 48. Be4 f2 49. Bg2 Ra1 50.
Kc6 f1=Q 0-1

[Event "Early-Titled-Tuesday-Blitz-August-29-2023"]
[Site "Chess.com"]
[Date "2023.08.29"]
[Round "5"]
[White "ElenaPershina"]
[Black "DarZay"]
[Result "0-1"]
[WhiteElo "2387"]
[BlackElo "2275"]
[TimeControl "180+1"]
[EndTime "8:55:21 PDT"]
[Termination "DarZay won on time"]

1. c4 e6 2. g3 d5 3. Bg2 Be7 4. Nf3 Nf6 5. O-O O-O 6. b3 d4 7. d3 c5 8. e3 Nc6 9. exd4 Nxd4 10. Be3 Rb8 11. Bxd4 cxd4 12. Nbd2 b6 13. Ne5 Bd7 14. Nc6 Bxc6 15. Bxc6 e5 16. Re1 Qd6 17. Bg2 Rfe8 18. Ne4 Nxe4 19. Bxe4 Qf6 20. Qh5 g6 21. Qh3 Qg5 22.
Bd5 Kg7 23. Qd7 a5 24. h4 Qf6 25. Re2 Bb4 26. a3 Bc3 27. Rf1 Rbd8 28. Qg4 Qd6 29.
f4 f5 30. Qf3 exf4 31. Rxe8 Rxe8 32. Qxf4 Qxf4 33. Rxf4 Re2 34. Rf2 Re1+ 35. Rf1 Re3 36. Kg2 Rxd3 37. Rf2 Re3 38. Rf3 Re2+ 39. Rf2 d3 40.
Bf3 Re1 41. Ra2 d2 0-1

[Event "Early-Titled-Tuesday-Blitz-August-29-2023"]
[Site "Chess.com"]
[Date "2023.08.29"]
[Round "5"]
[White "PeshkaCh"]
[Black "brm72"]
[Result "1-0"]
[WhiteElo "2797"]
[BlackElo "2551"]
[TimeControl "180+1"]
[EndTime "8:55:22 PDT"]
[Termination "PeshkaCh won by checkmate"]

1. Nf3 c5 2. c4 Nc6 3. Nc3 g6 4.
g3 Bg7 5. Bg2 e5 6. O-O d6 7. a3 a5 8. d3 Nge7 9. Ne1 Be6 10. Nc2 d5 11. cxd5 Nxd5 12. Ne4 b6 13.
Ng5 Bc8 14. Ne3 Nde7 15. Qb3 O-O 16. Nc4 Rb8 17. Be3 h6 18. Ne4 Be6 19. Qb5 Bd7 20.
Qb3 Be6 21. Qc2 Kh7 22. Rac1 Bd5 23. Ned6 Bxg2 24. Kxg2 Qd7 25. a4 f5 26. f4 Qe6 27.
fxe5 Nxe5 28. Nxe5 Bxe5 29. Nc4 Qd5+ 30. Kg1 Bg7 31.
Bf4 Rb7 32. e4 fxe4 33. dxe4 Qe6 34. Rcd1 Nc6 35. Rd6 Qe8 36. e5 Nd4 37. Qe4 Rbf7 38. Rxg6 Kg8 39. Nd6 Qxa4 40. Nxf7 Rxf7 41. e6 Rf8 42. e7 Re8 43. Rxg7+ Kxg7 44. Be5+ Kg8 45. Qg6# 1-0